 Dungeon Crawl Stone Soup version 0.20.0 (webtiles) character file.

1697 Eucla the Cleaver (level 8, -3/62 HPs)
             Began as a Minotaur Gladiator on June 3, 2017.
             Was a Follower of Okawaru.
             Killed by divine providence
             ... invoked by an orc priest
              (15 damage)
             ... on level 6 of the Dungeon.
             The game lasted 00:07:37 (5649 turns).

Eucla the Cleaver (Minotaur Gladiator)              Turns: 5649, Time: 00:07:38

Health: -3/62      AC: 15    Str: 19    XL:     8   Next: 72%
Magic:  4/7        EV: 11    Int:  8    God:    Okawaru [*.....]
Gold:   280        SH:  0    Dex: 14    Spells: 7/7 levels left

rFire    . . .     SeeInvis .   a - +0 war axe
rCold    + . .     Gourm    .   (no shield)
rNeg     . . .     Faith    .   D - +2 chain mail "Ajipeod" {Int+3}
rPois    .         Spirit   .   c - +0 hat
rElec    .         Reflect  .   z - +0 cloak
rCorr    .         Harm     .   (no gloves)
MR       .....                  (no boots)
Stlth    ..........             (no amulet)
Regen    0.2/turn               B - ring of protection from cold
MPRegen  0.1/turn               u - +2 ring of protection

@: lethally poisoned (-3 -> -5), heroism
A: retaliatory headbutt, horns 2
a: Heroism, Renounce Religion


You were on level 6 of the Dungeon.
You worshipped Okawaru.
Okawaru was aware of your devotion.
You were full.

You visited 2 branches of the dungeon, and saw 7 of its levels.

You collected 280 gold pieces.

Inventory:

Hand Weapons
 a - a +0 war axe (weapon)
Missiles
 d - 3 throwing nets (quivered)
Armour
 b - a +0 leather armour
 c - a +0 hat (worn)
 j - a +0 chain mail
 z - a +0 cloak (worn)
 D - the +2 chain mail "Ajipeod" (worn) {Int+3}
   (You found it on level 6 of the Dungeon)

   It affects your intelligence (+3).
Jewellery
 r - a +5 ring of intelligence
 u - a +2 ring of protection (right hand)
 A - an uncursed ring of resist corrosion
 B - a ring of protection from cold (left hand)
 E - an uncursed amulet of the gourmand {unknown}
Wands
 i - a wand of confusion (30/48)
 l - a wand of digging (18/24)
 n - a wand of clouds (3/9)
 x - a wand of polymorph (8/24)
Scrolls
 e - 2 scrolls of blinking {unknown}
 g - a scroll of enchant armour {unknown}
 h - 4 scrolls of teleportation {unknown}
 k - 3 scrolls of identify {unknown}
 o - 3 scrolls of remove curse {unknown}
 p - a scroll of random uselessness {unknown}
 q - a scroll of fear {unknown}
 t - a scroll of amnesia {unknown}
 v - 4 scrolls of immolation {unknown}
 y - a scroll of fog {unknown}
 C - a scroll of recharging {unknown}
Potions
 s - a potion of mutation {unknown}
Books
 m - a book of Misfortune

   Spells                             Type                      Level
   a - Confusing Touch                Hexes                        1
   b - Confuse                        Hexes                        3
   c - Gell's Gravitas                Translocation                3
   d - Petrify                        Transmutation/Earth          4
   e - Metabolic Englaciation         Hexes/Ice                    5
   f - Yara's Violent Unravelling     Hexes/Transmutation          5
Comestibles
 f - 3 bread rations


   Skills:
 - Level 2.4(7.4) Fighting
 + Level 13.3(18.3) Axes
 - Level 2.0(7.0) Throwing
 - Level 3.2(8.2) Dodging


You had 7 spell levels left.
You didn't know any spells.

Dungeon Overview and Level Annotations

Branches:
Dungeon (6/15)             Temple (1/1) D:5

Altars:
Ashenzari
Cheibriados
Dithmenos
Elyvilon
Fedhas
Gozag
Hepliaklqana
Kikubaaqudgha
Makhleb
Nemelex Xobeh
Okawaru
Qazlal
Ru
Sif Muna
Trog
Uskayaw
Vehumet
Xom
Yredelemnul
Zin
The Shining One


Innate Abilities, Weirdness & Mutations

You reflexively headbutt those who attack you in melee.
You have a pair of horns on your head.


Message History

You closely miss the howler monkey. Your headbutt misses the howler monkey.
The howler monkey is heavily wounded.
The howler monkey misses you. You furiously retaliate!
You headbutt the howler monkey!
You kill the howler monkey!
Okawaru accepts your kill.
Unknown command.
The orc closely misses you. You furiously retaliate!
You headbutt the orc!
You kill the orc!
Okawaru accepts your kill.
The orc priest hits you but does no damage.
The orc hits you but does no damage.
Items here: )) [[ a dagger; a robe; a halberd; a plate armour You slash the scorpion!
The scorpion is heavily wounded.
You barely miss the orc priest. You hit the orc but do no damage.
The orc priest mumbles some strange prayers to Beogh against you.
Beogh smites you!
You die...

##.......
#.......................
#.......................
#......................<
#.................##.#..
#................. #.#..
#.......!.# ## #.#..
#.....oso.# #.##+ #@#
##. #)# ############..
#.###.............
#$................
#.###.##........#.
#...............#.
#...............#.
#...............#.
#.........##.####.


You could see a scorpion, an orc priest and an orc.

Vanquished Creatures
  A water moccasin (D:3)
  An orc warrior (D:6)
  An ice beast (D:5)
  A sky beast (D:6)
  2 phantoms (D:6)
  3 centaurs
  A bullfrog (D:6)
  2 scorpions
  A howler monkey (D:6)
  A crimson imp (D:6)
  A hound (D:5)
  4 orc priests
  Crazy Yiuf (D:4)
  A gnoll shaman (D:4)
  Natasha (thrice) (D:4)
  5 orc wizards
  8 adders
  4 gnolls (D:4)
  An ooze (D:6)
  3 worms
  2 dart slugs (D:2)
  6 leopard geckos
  20 orcs
  A giant cockroach (D:1)
  5 hobgoblins
  19 jackals
  14 kobolds
  A quokka (D:4)
  2 ball pythons
  9 bats
  4 frilled lizards
  10 goblins
  A jackal skeleton (D:5)
  3 leopard gecko skeletons
  9 rats
151 creatures vanquished.

Vanquished Creatures (others)
  A plant (D:2)
1 creature vanquished.

Grand Total: 152 creatures vanquished

Notes
Turn   | Place    | Note
-------+----------+-------------------------------------------
     0 | D:1      | Eucla the Minotaur Gladiator began the quest for the Orb.
     0 | D:1      | Reached XP level 1. HP: 18/18 MP: 0/0
    82 | D:1      | Reached skill level 4 in Axes
   135 | D:1      | Reached XP level 2. HP: 7/25 MP: 1/1
  1003 | D:2      | Reached skill level 5 in Axes
  1003 | D:2      | Reached XP level 3. HP: 11/30 MP: 2/2
  1698 | D:2      | Reached XP level 4. HP: 34/37 MP: 3/3
  1716 | D:2      | Reached skill level 6 in Axes
  2135 | D:3      | Noticed a water moccasin
  2136 | D:3      | Noticed a centaur
  2143 | D:3      | Killed a centaur
  2143 | D:3      | Reached skill level 7 in Axes
  2143 | D:3      | Reached XP level 5. HP: 13/42 MP: 4/4
  2151 | D:3      | Killed a water moccasin
  2151 | D:3      | Reached skill level 8 in Axes
  2151 | D:3      | Reached XP level 6. HP: 26/50 MP: 5/5
  3089 | D:4      | Reached skill level 9 in Axes
  3156 | D:4      | Noticed Natasha
  3165 | D:4      | Killed Natasha
  3307 | D:4      | Found a runed door.
  3488 | D:4      | Noticed Natasha
  3495 | D:4      | Killed Natasha
  3495 | D:4      | Reached XP level 7. HP: 54/56 MP: 6/6
  3553 | D:4      | Noticed Natasha
  3558 | D:4      | Killed Natasha
  3577 | D:4      | Reached skill level 10 in Axes
  3981 | D:4      | Noticed Crazy Yiuf
  3985 | D:4      | Killed Crazy Yiuf
  4023 | D:5      | Entered Level 5 of the Dungeon
  4046 | D:5      | Found a staircase to the Ecumenical Temple.
  4096 | Temple   | Entered the Ecumenical Temple
  4212 | Temple   | Became a worshipper of Warmaster Okawaru
  4834 | D:5      | Reached skill level 11 in Axes
  5122 | D:5      | Reached XP level 8. HP: 18/62 MP: 7/7
  5458 | D:6      | Got a warped chain mail
  5469 | D:6      | Identified the +2 chain mail "Ajipeod" {Int+3} (You found it on level 6 of the Dungeon)
  5499 | D:6      | Reached * piety under Okawaru
  5499 | D:6      | Reached skill level 12 in Axes
  5640 | D:6      | Reached skill level 13 in Axes
  5649 | D:6      | Killed from afar by an orc priest

Skill      XL: |  1  2  3  4  5  6  7  8 |
---------------+-------------------------+-----
Axes           | 4 5 7 8 9 11 13 | 13.3
Fighting       | |  2.4
Throwing       | |  2.0
Dodging        | |  3.2

Action                   |  1- 3 |  4- 6 |  7- 9 || total
-------------------------+-------+-------+-------++-------
Melee: War axe           |    95 |   131 |   149 ||   375
       Headbutt          |    13 |    18 |    33 ||    64
Invok: Heroism           |       |       |     2 ||     2
  Use: Potion            |       |     1 |     1 ||     2
  Eat: Chunk             |     2 |     3 |     3 ||     8
       Fruit             |       |     4 |       ||     4
       Royal jelly       |       |       |     2 ||     2
       Bread ration      |       |       |     1 ||     1
Armor: Leather armour    |    14 |       |       ||    14
       Chain mail        |    47 |    80 |    78 ||   205
Dodge: Dodged            |    64 |    69 |    53 ||   186
